 Dungeon Crawl Stone Soup version 0.28.0-45-g0d030f2227 (webtiles) character file.

Game seed: 4051999676137398584

1199 Kangaroobicon the Cleaver (level 8, -8/70 HPs)
             Began as a Hill Orc Fighter on Apr 9, 2022.
             Was an Initiate of Makhleb.
             Mangled by a vampire mosquito (9 damage)
             ... on level 6 of the Dungeon.
             The game lasted 00:41:00 (4525 turns).

Kangaroobicon the Cleaver (Hill Orc Fighter)        Turns: 4525, Time: 00:41:02

Health: -8/70      AC: 14    Str: 19    XL:     8   Next: 44%
Magic:  17/17      EV:  6    Int:  8    God:    Makhleb [......]
Gold:   202        SH:  5    Dex: 12    Spells: 7/7 levels left

rFire   . . .      SeeInvis .   a - +0 war axe
rCold   . . .      Faith    .   c - +0 buckler
rNeg    . . .      Spirit   .   l - +0 plate armour
rPois   .          Reflect  .   b - +0 hat
rElec   .          Harm     .   (no cloak)
rCorr   .          Rampage  .   (no gloves)
Will    .....                   p - +0 pair of boots
Stlth   ..........              (no amulet)
HPRegen 0.21/turn               D - ring of magical power
MPRegen 0.15/turn               (no ring)

@: mighty, lethally poisoned (-8 -> -9), about to teleport
A: no striking features
a: Renounce Religion


You were on level 6 of the Dungeon.
You worshipped Makhleb.
Makhleb was noncommittal.
You visited 1 branch of the dungeon, and saw 6 of its levels.

You collected 202 gold pieces.

Inventory:

Hand Weapons
 a - a +0 war axe (weapon)
 o - a +0 hunting sling
 s - a +0 short sword of distortion
 E - a +0 shortbow
Missiles
 e - 232 stones
 n - 54 bolts
 r - 19 arrows
 x - 4 poisoned darts (quivered)
 A - 5 silver boomerangs
Armour
 b - a +0 hat (worn)
 c - a +0 buckler (worn)
 l - a +0 plate armour (worn)
 p - a +0 pair of boots (worn)
 v - a scarf of shadows
Magical Staves
 G - a staff of poison
Jewellery
 D - a ring of magical power (left hand)
Wands
 z - a wand of paralysis (14)
 F - a wand of charming (8)
Scrolls
 f - a scroll of enchant weapon {unknown}
 g - a scroll of torment
 m - a scroll of fear {unknown}
 t - a scroll of acquirement {unknown}
 w - a scroll of teleportation
 y - a scroll of brand weapon {unknown}
 B - a scroll of fog {unknown}
 C - a scroll of amnesia {unknown}
Potions
 d - 2 potions of might
 h - a potion of curing {unknown}
 i - a potion of resistance {unknown}
 j - 4 potions of attraction
 k - 2 potions of brilliance {unknown}
 q - 2 potions of degeneration {unknown}
 u - a potion of invisibility {unknown}


   Skills:
 + Level 5.9 Fighting
 + Level 8.9 Axes
 + Level 0.5 Throwing
 + Level 6.1 Armour
 + Level 1.0 Dodging
 + Level 0.3 Stealth
 + Level 5.0 Shields


You had 7 spell levels left.
You didn't know any spells.
Your spell library contained the following spells:

 Spells                   Type           Power      Damage    Failure   Level
 Shock                    Conj/Air       0%         1d3       100%        1
 Slow                     Hex            0%         N/A       100%        1
 Confusing Touch          Hex            0%         N/A       100%        3
 Swiftness                Air            0%         N/A       100%        3
 Vampiric Draining        Necr           0%         2d6       100%        3
 Airstrike                Air            0%         N/A       100%        4
 Summon Lightning Spire   Summ/Air       0%         N/A       100%        4
 Lightning Bolt           Conj/Air       0%         1d11      100%        5


Dungeon Overview and Level Annotations

Branches:
Dungeon (6/15)
 Temple: D:4-7

Altars:
Dithmenos
Makhleb
Uskayaw
Xom

Shops:
D:4 **


Message History

The vampire mosquito closely misses you.
The hound stops to sniff the ground.
The hound bites you but does no damage.
You slash the vampire mosquito!
The vampire mosquito is heavily damaged.
You closely miss the hound. You slash the vampire mosquito!
You feel sick.
The vampire mosquito closely misses you.
The vampire mosquito barely misses you.
The vampire mosquito bites you but does no damage.
The hound bites you.
* * * LOW HITPOINT WARNING * * *
The vampire mosquito bites you but does no damage.
You completely miss the vampire mosquito.
The vampire mosquito is heavily damaged.
You hit the hound. You barely miss the vampire mosquito.
You feel sick. The vampire mosquito bites you!
* * * LOW HITPOINT WARNING * * *
The vampire mosquito draws strength from your injuries!
The vampire mosquito bites you but does no damage.
The hound closely misses you. The vampire mosquito bites you.
* * * LOW HITPOINT WARNING * * *
The vampire mosquito draws strength from your injuries!
You block the hound's attack.
The vampire mosquito closely misses you.
As you read the scroll of teleportation, it crumbles to dust.
You feel strangely unstable.
You feel sick. The vampire mosquito barely misses you.
The vampire mosquito bites you.
* * * LOW HITPOINT WARNING * * *
The vampire mosquito draws strength from your injuries!
The vampire mosquito bites you but does no damage.
The hound barely misses you. The vampire mosquito bites you.
* * * LOW HITPOINT WARNING * * *
The vampire mosquito draws strength from your injuries!
You hit the vampire mosquito.
The vampire mosquito is heavily damaged.
You hit the vampire mosquito but do no damage.
You closely miss the hound.
* * * LOW HITPOINT WARNING * * *
You feel sick. The vampire mosquito bites you!
You die...

..####. .....#..#
...../..#
........## :
.........######..
(......<..h......
.....[...@y......
.........y†......
.................
#.....###<.......
.[...............
.#:..............
.......##........
....... ##...###.
# .... #.##


You could see 2 vampire mosquitoes and a hound.

Vanquished Creatures
  Grinder (D:4)
  2 water moccasins
  A black bear (D:4)
  A necrophage (D:6)
  A bullfrog (D:6)
  2 scorpions (D:5)
  A howler monkey (D:4)
  2 hounds
  2 iguanas (D:5)
  An orc wizard (D:5)
  A hound skeleton (D:4)
  4 gnolls
  8 adders
  An ufetubus (D:4)
  A worm (D:3)
  A dart slug (D:4)
  7 orcs
  12 ball pythons
  3 bats
  12 endoplasms
  4 giant cockroaches
  10 goblins
  10 hobgoblins
  18 jackals
  9 kobolds
  5 quokkas
  3 frilled lizards
  6 rats
129 creatures vanquished.

Notes
Turn   | Place    | Note
-------+----------+-------------------------------------------
     0 | D:1      | Kangaroobicon the Hill Orc Fighter began the quest for the
                  | Orb.
     0 | D:1      | Reached XP level 1. HP: 19/19 MP: 1/1
    21 | D:1      | HP: 1/20 [jackal (1)]
   351 | D:1      | Reached XP level 2. HP: 23/27 MP: 2/2
   548 | D:1      | Reached XP level 3. HP: 14/33 MP: 3/3
   558 | D:1      | Reached skill level 3 in Axes
  1382 | D:1      | Reached XP level 4. HP: 36/40 MP: 4/4
  1694 | D:2      | Reached skill level 4 in Axes
  1703 | D:2      | Found a faded altar of an unknown god.
  2432 | D:3      | Reached XP level 5. HP: 40/46 MP: 5/5
  2601 | D:3      | Found a shimmering altar of Xom.
  2978 | D:4      | Reached skill level 5 in Axes
  3001 | D:4      | Found Mufitz's General Store.
  3002 | D:4      | Noticed a black bear
  3016 | D:4      | Killed a black bear
  3017 | D:4      | Reached XP level 6. HP: 18/53 MP: 6/6
  3062 | D:4      | Found a burning altar of Makhleb.
  3070 | D:4      | Reached skill level 6 in Axes
  3231 | D:4      | Became a worshipper of Makhleb the Destroyer
  3256 | D:4      | Noticed Grinder
  3270 | D:4      | Killed Grinder
  3271 | D:4      | Reached skill level 5 in Fighting
  3271 | D:4      | Reached skill level 7 in Axes
  3271 | D:4      | Reached XP level 7. HP: 27/61 MP: 7/7
  3298 | D:4      | Found Paisen's General Store.
  3372 | D:4      | Found a shadowy altar of Dithmenos.
  3850 | D:4      | Noticed a +0 short sword
  3850 | D:4      | Noticed a +0 dagger
  3850 | D:4      | Noticed a +0 spear
  3851 | D:4      | Noticed a +0 spear
  3851 | D:4      | Noticed a +0 dagger
  3854 | D:4      | Noticed a +0 short sword
  3855 | D:4      | Noticed a +0 falchion
  3855 | D:4      | Noticed a +0 falchion
  3864 | D:4      | Found a hide-covered altar of Uskayaw.
  3916 | D:5      | Entered Level 5 of the Dungeon
  3952 | D:5      | Reached skill level 5 in Armour
  4330 | D:5      | Reached XP level 8. HP: 47/69 MP: 8/8
  4350 | D:5      | Reached skill level 8 in Axes
  4511 | D:6      | Reached skill level 1 in Dodging
  4511 | D:6      | Reached skill level 5 in Shields
  4524 | D:6      | HP: 2/70 [vampire mosquito (4)]
  4525 | D:6      | Mangled by a vampire mosquito

Illustrated notes

Levels and vault maps discovered:
D:1:      dpeg_arrival_rooms_a, layout_basic, minmay_tripent
D:2:      layout_basic, shapermc_ecumenical_altar_acropolis,
          minmay_randomly_rotated_circles
D:3:      kennysheep_six_static_rooms, layout_rooms,
          mainiacjoe_overflow_alcove_1, fountainhead
D:4:      layout_loops_ring, nicolae_dithmenos_through_a_glass_darkly,
          makhleb_blood_cavern_becter, nicolae_uskayaw_en_pointe, serial_shops,
          shop, nicolae_square_shop, uniq_grinder
D:5:      layout_loops_ring
D:6:      layout_cave_pools, general_overflow_altar

Skill      XL: |  1  2  3  4  5  6  7  8 |
---------------+-------------------------+-----
Armour         | 4 5 6 |  6.1
Fighting       | 4 5 |  5.9
Axes           | 3 4 5 7 8 |  8.9
Shields        | 4 5 |  5.0
Dodging        | 1 |  1.0
Throwing       | |  0.5
Stealth        | |  0.3

Action                   |  1- 3 |  4- 6 |  7- 9 || total
-------------------------+-------+-------+-------++-------
Melee: War axe           |   110 |   196 |   127 ||   433
Throw: Dart              |       |       |     5 ||     5
  Use: Scroll            |       |     3 |     2 ||     5
       Potion            |       |     2 |     2 ||     4
Armor: Scale mail        |    46 |    32 |       ||    78
       Plate armour      |       |   104 |   108 ||   212
Dodge: Dodged            |    64 |    85 |    38 ||   187
Block: Buckler           |    29 |    62 |    26 ||   117
